AoeStats
← gigaleiner

Glade

510357323Analyzed
1v1 RM · 23h ago on Sep 30, 2026· 46m 58s· 2 players
Game mode
Random Map
Map size
Tiny (2 player)
Population
200
Speed
Normal
Resources
Standard
Victory
Conquest
Starting age
Dark Age
Ending age
Imperial Age
RankedLock teamsTeams togetherTeam positionsShared explorationLock speedFull tech treeHidden civsTurbo modeCheats
Victory
Defeat
🇺🇸 Varangians · United States
1071
+16
🇩🇪 Wei · Germany
1076
-16
some.spiced.ham
15:37 Feudal Age
18:39 Wheelbarrow
18:22 Fletching
21:21 Loom
25:47 Castle Age
23:51 Stone Mining
23:51 Double-Bit Axe
24:34 Forging
24:40 Bloodlines
26:06 Scale Barding Armor
25:58 Light Cavalry
26:39 Husbandry
27:24 Horse Collar
28:07 Bow Saw
28:59 Bodkin Arrow
29:41 Iron Casting
29:50 Gold Mining
32:29 Chain Barding Armor
37:04 Hand Cart
37:20 Padded Archer Armor
37:31 Heavy Plow
42:55 Imperial Age
40:11 Town Watch
43:01 Hussar
45:59 Conscription
gigaleiner
7:17 Loom
10:39 Feudal Age
18:12 Horse Collar
19:31 Double-Bit Axe
23:23 Castle Age
21:21 Fletching
22:49 Gold Mining
25:17 Bow Saw
25:09 Heavy Plow
30:41 Wheelbarrow
29:52 Town Watch
29:59 Town Watch
35:27 Imperial Age
34:21 Town Patrol
33:49 Pikeman
34:30 Squires
34:52 Bloodlines
36:14 Halberdier
37:21 Conscription
38:17 Forging
38:13 Scale Barding Armor
38:58 Scale Mail Armor
41:45 Chain Mail Armor
42:05 Iron Casting
Connection lost

Rejoining the realm…

Still unreachable

The connection could not be restored.

Session expired

The server has moved on; the page needs a fresh start.